 Dungeon Crawl Stone Soup version 0.28.0-1-gb440e238dd (webtiles) character file.

Game seed: 12427357315476554994

775 Destapler the Skirmisher (level 7, -4/55 HPs)
             Began as a Demonspawn Fighter on Feb 25, 2022.
             Was an Initiate of Qazlal.
             Shot with an arrow by a centaur (11 damage)
             ... on level 5 of the Dungeon.
             The game lasted 00:09:21 (3749 turns).

Destapler the Skirmisher (Demonspawn Fighter)       Turns: 3749, Time: 00:09:21

Health: -4/55      AC: -4    Str: 17    XL:     7   Next: 54%
Magic:  8/8        EV:  9    Int:  9    God:    Qazlal [......]
Gold:   201        SH:  5    Dex: 14    Spells: 6/6 levels left

rFire   + . .      SeeInvis .   a - +1 war axe (vamp)
rCold   + . .      Faith    +   c - +0 buckler
rNeg    . . .      Spirit   .   p - +3 scale mail {rF+}
rPois   .          Reflect  .   k - +0 helmet
rElec   .          Harm     .   (no cloak)
rCorr   .          Rampage  .   (no gloves)
Will    .....                   (no boots)
Stlth   ..........              l - amulet of faith
HPRegen 0.18/turn               e - ring of protection from cold
MPRegen 0.11/turn               (no ring)

@: corroded
A: spiny 2, demonic magic 1, weakness stinger 1
a: Renounce Religion


You were on level 5 of the Dungeon.
You worshipped Qazlal.
Qazlal was noncommittal.
You visited 2 branches of the dungeon, and saw 6 of its levels.

You collected 201 gold pieces.

Inventory:

Hand Weapons
 a - a +1 vampiric war axe (weapon)
Missiles
 b - 6 javelins
 o - 4 boomerangs (quivered)
Armour
 c - a +0 buckler (worn)
 k - a +0 helmet (worn)
 p - a +3 scale mail of fire resistance (worn)
Jewellery
 e - a ring of protection from cold (left hand)
 l - an amulet of faith (around neck)
 r - an amulet of the acrobat
 t - an amulet of reflection
Wands
 y - a wand of charming (6)
 z - a wand of digging (5)
Scrolls
 g - 3 scrolls of identify
 h - 2 scrolls of fog
 n - 3 scrolls of silence {unknown}
 q - a scroll of blinking {unknown}
 s - a scroll of teleportation {unknown}
 w - a scroll of immolation {unknown}
 x - a scroll of magic mapping {unknown}
Potions
 d - a potion of might
 f - a potion of experience
 j - 2 potions of flight
 m - a potion of brilliance {unknown}
 v - a potion of degeneration {unknown}


   Skills:
 + Level 4.9 Fighting
 + Level 2.9 Axes
 + Level 2.1 Throwing
 + Level 4.4 Armour
 + Level 2.0 Dodging
 + Level 4.4 Shields
 + Level 2.0 Invocations
 + Level 0.1 Evocations


You had 6 spell levels left.
You didn't know any spells.
Your spell library contained the following spells:

 Spells                   Type           Power      Damage    Failure   Level
 Magic Dart               Conj           0%         1d3       86%         1
 Call Imp                 Summ           0%         N/A       94%         2
 Mephitic Cloud           Conj/Pois/Air  0%         N/A       99%         3


Dungeon Overview and Level Annotations

Branches:
Dungeon (5/15)             Temple (1/1) D:4

Altars:
Cheibriados
Dithmenos
Elyvilon
Fedhas
Gozag
Hepliaklqana
Kikubaaqudgha
Makhleb
Nemelex Xobeh
Okawaru
Qazlal
Ru
Sif Muna
Trog
Uskayaw
Vehumet
Wu Jian
Xom
Yredelemnul
Zin
The Shining One

Shops:
D:2 (


Innate Abilities, Weirdness & Mutations

You are mostly covered in sharp spines.
Spells you cast may paralyse adjacent enemies.
You have a small tail.


Message History

The jelly is struck by your spines. The jelly hits you but does no damage.
You hit the jelly. The acid corrodes you!
Your hands burn!
The jelly is almost dead.
The jelly hits you. The acid corrodes you!
You are splashed with acid!
A black bear comes into view.
You hit the jelly but do no damage.
Your hands burn!
You tail-slap the jelly, but do no damage.
The jelly is almost dead.
The jelly is struck by your spines.
You kill the jelly!
Qazlal accepts your kill.
The centaur shoots an arrow.
You block the arrow.
Your Invocations skill increases to level 2!
The centaur shoots an arrow.
The arrow hits you!
* * * LOW HITPOINT WARNING * * *
Okay, then.
As you read the scroll labelled DIHOSCH SUFRUT, it crumbles to dust.
It is a scroll of identify.
j - 2 potions of flight
Okay, then.
As you read the scroll labelled RUSABL PIKIOFYBUH, it crumbles to dust.
The scroll dissolves into smoke.
It was a scroll of fog.
The centaur unwields a +0 shortbow.
You block the centaur's attack. x2
The centaur wields a +0 shortbow.
The centaur shoots an arrow.
The arrow barely misses you.
The centaur shoots an arrow.
The arrow hits you!
* * * LOW HITPOINT WARNING * * *
Okay, then.
As you read the scroll of identify, it crumbles to dust.
f - a potion of experience The centaur shoots an arrow.
The arrow hits you.
* * * LOW HITPOINT WARNING * * *
It was a potion of curing.
You feel better.
The centaur shoots an arrow.
The arrow closely misses you.
The centaur shoots an arrow.
The arrow hits you!
* * * LOW HITPOINT WARNING * * *
Unknown command.
As you read the scroll labelled NIWKIO PIEREU, it crumbles to dust.
You assume a fearsome visage.
The centaur looks frightened!
It was a scroll of fear.
The centaur shoots an arrow.
The arrow hits you!
You die...

...............# #.#.# #.#.
################ #.#.# #>#.
#.#.########.#.
#.#..........#. #####
#.##....######.
##....#########..'....'......
........5h§c§#####....#######
#######.####§§§.......####
##.# #@§####.......# +##.c#
#§§# #.......# #....# #§§#
#.......# .....5.## #..#
#.......# ....... #..#
#.......# ....... #..#
####'####### ....... #..#
#.......... .......
####+#.####### .......
#.............


You could see a centaur.

Vanquished Creatures
  Eustachio (D:4)
  A steam dragon (D:4)
  A necrophage (D:4)
  A jelly (D:5)
  A hound (D:4)
  Jessica (D:3)
  2 iguanas
  Terence (D:3)
  An orc wizard (D:5)
  2 hound skeletons (D:4)
  Robin (D:2)
  5 gnolls
  3 adders
  A white imp (D:5)
  4 worms
  2 dart slugs
  8 orcs
  6 ball pythons
  2 bats
  6 endoplasms
  2 giant cockroaches
  15 goblins
  7 hobgoblins
  6 kobolds
  2 quokkas
  2 frilled lizards
  7 rats
91 creatures vanquished.

Vanquished Creatures (others)
  A fungus (D:1)
  2 plants (D:1)
3 creatures vanquished.

Grand Total: 94 creatures vanquished

Notes
Turn   | Place    | Note
-------+----------+-------------------------------------------
     0 | D:1      | Destapler the Demonspawn Fighter began the quest for the
                  | Orb.
     0 | D:1      | Reached XP level 1. HP: 18/18 MP: 1/1
   203 | D:1      | Gained mutation: You are partially covered in sharp spines.
                  | [demonic ancestry]
   203 | D:1      | Reached XP level 2. HP: 24/24 MP: 2/2
   372 | D:1      | Found a faded altar of an unknown god.
   540 | D:2      | Noticed Robin
   745 | D:2      | Gained mutation: Spells you cast may paralyse adjacent
                  | enemies. [demonic ancestry]
   745 | D:2      | Reached XP level 3. HP: 25/29 MP: 3/3
   756 | D:2      | Killed Robin
   984 | D:2      | Gained mutation: You have a small tail. [demonic ancestry]
   984 | D:2      | Reached XP level 4. HP: 24/37 MP: 4/4
  1173 | D:2      | Found Mes Hav's Antique Weapon Shoppe.
  1582 | D:3      | Identified the +1 leather armour of the True Pharaoh
                  | {Str+2}
  1726 | D:3      | Gained mutation: You are mostly covered in sharp spines.
                  | [demonic ancestry]
  1726 | D:3      | Reached XP level 5. HP: 41/42 MP: 5/5
  2250 | D:3      | Noticed Jessica
  2253 | D:3      | Killed Jessica
  2387 | D:3      | Noticed Terence
  2394 | D:3      | Killed Terence
  2674 | D:4      | Reached skill level 1 in Throwing
  2674 | D:4      | Reached XP level 6. HP: 46/49 MP: 6/6
  2781 | D:4      | Noticed a steam dragon
  2790 | D:4      | Killed a steam dragon
  2791 | D:4      | Reached skill level 1 in Dodging
  2961 | D:4      | Found a staircase to the Ecumenical Temple.
  2973 | Temple   | Entered the Ecumenical Temple
  3019 | Temple   | Became a worshipper of Qazlal Stormbringer
  3118 | D:4      | Reached XP level 7. HP: 49/55 MP: 7/7
  3231 | D:4      | Noticed Eustachio
  3239 | D:4      | Killed Eustachio
  3240 | D:4      | Reached skill level 1 in Invocations
  3347 | D:5      | Entered Level 5 of the Dungeon
  3749 | D:5      | Shot with an arrow by a centaur

Illustrated notes

Levels and vault maps discovered:
D:1:      minmay_arrival_solitary_statue, layout_basic,
          shapermc_ecumenical_altar_mp_ritualfount
D:2:      layout_rooms, serial_shops, nicolae_shop_hallway_stairs, uniq_robin
D:3:      layout_loops_cross, minmay_quantized, uniq_terence, uniq_jessica
D:4:      layout_rooms, minmay_temple_entry_trees, minivault_5, uniq_eustachio
D:5:      layout_basic, minmay_pentangle
Temple:   dpeg_three_leaves_temple

Skill      XL: |  1  2  3  4  5  6  7 |
---------------+----------------------+-----
Armour         | 3 4 |  4.4
Shields        | 3 4 |  4.4
Fighting       | 4 |  4.9
Axes           | 2 |  2.9
Throwing       | 1 2 |  2.1
Dodging        | 1 2 |  2.0
Invocations    | 2 |  2.0
Evocations     | |  0.1

Action                   |  1- 3 |  4- 6 |  7- 9 || total
-------------------------+-------+-------+-------++-------
Melee: War axe           |    52 |    87 |    31 ||   170
       Tailslap          |       |    15 |     3 ||    18
  Use: Scroll            |       |       |     4 ||     4
       Potion            |       |       |     1 ||     1
Armor: Scale mail        |    27 |    27 |    15 ||    69
       Leather armour    |       |     4 |       ||     4
Dodge: Dodged            |    26 |    39 |    13 ||    78
Block: Buckler           |    16 |    26 |     6 ||    48
